AoeStats
← Tavik

African Clearing

506519506Analyzed
2v2 RM · 19d ago on Sep 13, 2026· 50m 28s· 4 players
Game mode
Random Map
Map size
Medium (4 player)
Population
200
Speed
Normal
Resources
Standard
Victory
Conquest
Starting age
Dark Age
Ending age
Imperial Age
RankedLock teamsTeams togetherTeam positionsShared explorationLock speedFull tech treeHidden civsTurbo modeCheats
Victory
Defeat
🇺🇸 Mongols · United States
1305
+18
🇺🇸 Persians · United States
1304
+18
🇨🇿 Georgians · Czechia
1356
-18
🇨🇿 Huns · Czechia
1352
-18
Twix
5:12 Loom
14:26 Feudal Age
19:16 Castle Age
18:56 Double-Bit Axe
19:43 Scale Barding Armor
19:52 Forging
19:37 Gold Mining
19:41 Horse Collar
20:47 Chain Barding Armor
20:48 Fishing Lines
22:03 Bow Saw
25:10 Gillnets
26:31 Wheelbarrow
26:04 Heavy Plow
27:55 Hand Cart
29:32 Fletching
31:19 Ballistics
32:28 Gold Shaft Mining
31:57 Town Watch
32:21 Bodkin Arrow
32:30 Stone Mining
33:12 Padded Archer Armor
33:57 Stone Shaft Mining
37:53 Imperial Age
35:46 Bloodlines
35:38 Husbandry
36:55 Leather Archer Armor
38:07 Coinage
38:04 Elite Mangudai
38:52 Bracer
39:53 Chemistry
39:35 Conscription
42:31 Hoardings
43:32 Heavy Scorpion
45:14 Light Cavalry
47:15 Nomads
47:44 Thumb Ring
48:05 Parthian Tactics
49:07 Banking
48:37 Caravan
49:54 Drill
dgekelman
5:35 Loom
12:38 Feudal Age
13:40 Double-Bit Axe
15:59 Forging
16:09 Bloodlines
19:04 Scale Barding Armor
24:27 Castle Age
22:53 Gold Mining
23:14 Horse Collar
25:10 Wheelbarrow
24:16 Light Cavalry
24:57 Husbandry
29:44 Scale Mail Armor
30:07 Chain Barding Armor
35:27 Gold Shaft Mining
35:16 Heavy Plow
36:02 Bow Saw
37:23 Fletching
39:48 Hand Cart
39:30 Town Watch
42:09 Bodkin Arrow
42:57 Ballistics
45:15 Imperial Age
43:00 Town Watch
43:51 Iron Casting
45:05 Heavy Camel Rider
46:29 Plate Barding Armor
48:06 Blast Furnace
48:01 Guilds
48:22 Coinage
47:49 Hussar
49:31 Crop Rotation
50:02 Town Patrol
Tavik
10:05 Loom
12:35 Feudal Age
13:32 Double-Bit Axe
14:17 Forging
15:23 Scale Barding Armor
15:29 Horse Collar
18:52 Bloodlines
27:30 Castle Age
30:05 Husbandry
30:42 Iron Casting
30:29 Chain Barding Armor
40:51 Wheelbarrow
42:13 Svan Towers
42:41 Fletching
43:03 Squires
43:38 Ballistics
43:09 Guard Tower
43:33 Pikeman
45:10 Town Watch
Melioth
4:50 Loom
14:15 Feudal Age
15:18 Double-Bit Axe
18:27 Castle Age
16:29 Gold Mining
17:21 Fletching
17:54 Padded Archer Armor
18:22 Horse Collar
20:14 Bodkin Arrow
25:26 Husbandry
28:35 Wheelbarrow
28:19 Leather Archer Armor
28:18 Bloodlines
31:04 Gold Shaft Mining
31:24 Ballistics
34:49 Thumb Ring
36:09 Hand Cart
41:45 Imperial Age
39:28 Stone Mining
39:41 Heavy Plow
40:07 Bow Saw
40:27 Forging
40:33 Leather Archer Armor
40:31 Light Cavalry
41:50 Iron Casting
43:40 Chemistry
43:04 Conscription
43:13 Parthian Tactics
42:54 Bracer
42:30 Heavy Cavalry Archer
44:25 Hussar
45:31 Scale Barding Armor
49:32 Chain Barding Armor
Connection lost

Rejoining the realm…

Still unreachable

The connection could not be restored.

Session expired

The server has moved on; the page needs a fresh start.